 Dungeon Crawl Stone Soup version 0.27-a0-1590-g15f69828bf (webtiles) character file.

Game seed: 11344635178606408358

54 Demosthentine the Poker (level 3, 0/28 HPs)
             Began as a Merfolk Gladiator on July 18, 2021.
             Slain by a gnoll (8 damage)
             ... on level 3 of the Dungeon.
             The game lasted 00:01:57 (2063 turns).

Demosthentine the Poker (Merfolk Gladiator)         Turns: 2063, Time: 00:01:58

Health: 0/28       AC:  4    Str: 15    XL:     3   Next: 91%
Magic:  3/3        EV: 13    Int:  7    God:
Gold:   54         SH:  0    Dex: 15    Spells: 2/2 levels left

rFire    . . .     SeeInvis .   a - +1 trident
rCold    . . .     Faith    .   (no shield)
rNeg     . . .     Spirit   .   b - +0 leather armour
rPois    .         Reflect  .   c - +0 helmet
rElec    .         Harm     .   (no cloak)
rCorr    .         Rampage  .   (no gloves)
Will     .....                  (no boots)
Stlth    +.........             (no amulet)
HPRegen  0.09/turn              (no ring)
MPRegen  0.08/turn              (no ring)

@: no status effects
A: (nimble swimmer 2), mertail
a: no special abilities


You were on level 3 of the Dungeon.
You visited 1 branch of the dungeon, and saw 3 of its levels.

You collected 54 gold pieces.

Inventory:

Hand Weapons
 a - a +1 trident (weapon)
Missiles
 d - 3 throwing nets (quivered)
Armour
 b - a +0 leather armour (worn)
 c - a +0 helmet (worn)
 j - a +0 buckler
Scrolls
 e - 4 scrolls of teleportation
 f - a scroll of magic mapping {unknown}
Potions
 g - a potion of haste
 h - a potion of curing


   Skills:
 + Level 2.9 Fighting
 + Level 5.1 Polearms
 - Level 2.0 Throwing
 + Level 1.0 Armour
 + Level 4.6 Dodging
 + Level 0.2 Shields


You had 2 spell levels left.
You didn't know any spells.
Your spell library contained the following spells:

 Spells                   Type           Power      Damage    Failure   Level
 Corpse Rot               Necr/Air       N/A        N/A       65%         2
 Dispel Undead            Necr           0%         3d6       99%         4
 Death Channel            Necr           0%         N/A       100%        6


Dungeon Overview and Level Annotations

Branches:
Dungeon (3/15)

Altars:


Innate Abilities, Weirdness & Mutations

((You are quick and stealthy near water. (Stealth+, EV+, Speed+++)))
Your lower body shifts to a powerful aquatic tail in water.


Message History

A hobgoblin is nearby!
You reach to attack!
You puncture the hobgoblin!
You kill the hobgoblin!
Key pressed, stopping explore.
No target in view!
You see here a hobgoblin corpse.
Found 20 stones.
You see here 20 stones.
An endoplasm comes into view.
An endoplasm is nearby!
An endoplasm is nearby!
An endoplasm is nearby!
A gnoll comes into view.
It is wielding a +0 club. 2 gnolls come into view.
A gnoll is wielding a +0 vorpal spear.
The gnoll shouts! x2
A gnoll comes into view. It is wielding a +0 flail.
There are monsters nearby!
Found a book of Callings.
The gnoll shouts!
There are monsters nearby!
You puncture the endoplasm!
You kill the endoplasm!
The gnoll throws a stone.
The stone misses you. The gnoll barely misses you.
There are monsters nearby!
You reach to attack!
You barely miss the gnoll. The gnoll barely misses you.
The gnoll hits you from afar with a +0 vorpal spear.
There are monsters nearby!
You hit the gnoll.
The gnoll is moderately wounded.
The gnoll hits you with a +0 flail! The gnoll completely misses you.
The gnoll hits you with a +0 flail!
* * * LOW HITPOINT WARNING * * *
Unknown command.
The gnoll completely misses you.
Unknown command.
Unknown command.
You see here 20 stones.
The gnoll hits you with a +0 flail!
You die...

#.# #.# #g# #.#
#.# #g# #.#
#.#############
#...gg.g..g@..#
############.##
#.# #.# #.# #.#
#.# #.# #.#


You could see 4 gnolls.

Vanquished Creatures
  A worm (D:2)
  A dart slug (D:2)
  4 ball pythons
  4 endoplasms
  2 giant cockroaches
  6 hobgoblins
  3 jackals (D:1)
  4 kobolds
  2 quokkas
  3 bats
  3 frilled lizards
  6 goblins
  5 rats
44 creatures vanquished.

Notes
Turn   | Place    | Note
-------+----------+-------------------------------------------
     0 | D:1      | Demosthentine the Merfolk Gladiator began the quest for the
                  | Orb.
     0 | D:1      | Reached XP level 1. HP: 16/16 MP: 1/1
   113 | D:1      | Reached XP level 2. HP: 17/23 MP: 2/2
   710 | D:1      | Reached XP level 3. HP: 25/28 MP: 3/3
  1289 | D:2      | Found a faded altar of an unknown god.
  1335 | D:2      | Reached skill level 5 in Polearms
  1675 | D:2      | Reached skill level 1 in Armour
  2063 | D:3      | Slain by a gnoll

Illustrated notes

Levels and vault maps discovered:
D:1:      erik_arrival_orb_chamber, layout_rooms, minmay_misc_feat_encased,
          grunt_decor_fettered, hangedman_decor_push, minivault_25
D:2:      layout_basic, shapermc_ecumenical_altar_mp_ritualfount
D:3:      minmay_roachtagon, layout_basic

Skill      XL: |  1  2  3 |
---------------+----------+-----
Polearms       | 5 |  5.1
Armour         | 1 |  1.0
Fighting       | |  2.9
Throwing       | |  2.0
Dodging        | |  4.6
Shields        | |  0.2

Action                   || total
-------------------------++-------
Melee: Trident           ||   128
  Use: Scroll            ||     4
Armor: Leather armour    ||    20
Dodge: Dodged            ||    64

Table legend: (Time is in decaauts)
 A = Elapsed time spent in this place.
 B = Non-inter-level travel time spent in this place.
 C = Inter-level travel time spent in this place.
 D = Time resting spent in this place.
 E = Time spent auto-exploring this place.
 F = Levels seen in this place.
 G = Mean time per level.
                   A        B        C        D        E       F      G
               +--------+--------+--------+--------+--------+-----+--------+
         Total |   2068 |   2058 |     10 |      0 |   1740 |   3 |  689.3 |
       Dungeon |   2068 |   2058 |     10 |      0 |   1740 |   3 |  689.3 |
               +--------+--------+--------+--------+--------+-----+--------+

Top non-repeatable levels by time:
     D:1: 955 daAuts
     D:2: 902 daAuts
     D:3: 210 daAuts
